 BcadrenCrawl: Boulder Brew version 0.06-4-g7138dfb037 (webtiles) character file.

Game seed: 12008162382016613419, levelgen mode: deterministic

8 petercordia the Unbeliever (level 2, -4/25 HPs) Immature Draconian Demonspawn. Began on June 17, 2022. Slain by a gnoll ... wielding a cursed +0 spear {(Curse: -Vis)} (8 damage) ... on level 1 of the Dungeon. The game lasted 00:02:02 (101 turns).

petercordia the Unbeliever (DrDs)                    Turns: 101, Time: 00:02:03

Health: -4/25      AC:  5    Str: 16    XL:     2 ^: 29
Magic:  3/4        EV: 12    Int: 12    God:
Gold:   0          SH:  0    Dex: 10    Spells: 2/3 levels left

rFire    . . .     Slash    +   a - +0 morningstar
rCold    + . .     Pierce   x   (no weapon)
rNeg     . . .     Bludgeon .   (armour unavailable)
rCorr    . . .     Vision   .   (helmet restricted)
rPois    .         Gourm    .   (no cloak)
rElec    .         Faith    .   (no gloves)
MR       .....     Spirit   .   (no boots)
HPRegen  0.18/turn Reflect  .   (no amulet)
MPRegen  0.14/turn Harm     .   (no ring)
Stlth    ++........             (no ring)

@: short of breath
A: cold resistance 1, deformed body 2, cold-blooded, draconic flesh, AC +5
a: Breathe Dart


You were on level 1 of the Dungeon.
You were not hungry.

You visited 1 branch of the dungeon, and saw 1 of its levels.

Inventory:

Weapons
 a - a +0 morningstar (weapon)
Potions
 d - a potion of mutation
Comestibles
 b - 2 chunks of flesh
 c - a ration


   Skills:
 + Level 2.4 Fighting
 - Level 1.5 Maces & Staves
 - Level 2.4 Dodging
 - Level 1.3 Stealth
 - Level 1.3 Spellcasting
 - Level 1.5 Fire Magic
   Level 3.0 Invocations


You had 2 spell levels left.
You knew the following spells:

 Your Spells              Type           Power        Failure   Level  Hunger
a - Flame Tongue          Fire           4 (30)       16%         1    24-44

Your spell library contained the following spells:

 Spells                   Type           Power        Failure   Level  Hunger
 Slow Hex 0 (100) 28% 1 24-44 Blink Tloc N/A 41% 2 64-104 Call Imp Summ 0 (100) 41% 2 64-104 Conjure Flame Fire 4 (100) 43% 3 104-164 Mephitic Cloud Pois/Air       0 (100)      65%         3    104-164


Dungeon Overview and Level Annotations

Branches:
Dungeon (1/8)

Altars:


Innate Abilities, Weirdness & Mutations

Your plain brown scales are resilient. (AC +5)
You can breathe rudimentary magical darts.
You are cold resistant. (rC+)
You cannot wear any armour on your peculiar form.
You are cold-blooded and are slowed more easily by cold attacks.
Your scales resist being cut, but it�s oddly easy to stick a small blade between them. (rSlashing+, rPiercing-)


Message History

Aim: a gnoll, wielding a cursed +0 spear {(Curse: -Vis)} (86%, 91% to-hit, lightly wounded (12/13), 85% (Melee), 80% (Ranged))
You spit a rudimentary magic dart.
The dart hits the gnoll (2).
The gnoll is moderately wounded. (10/13) HP You feel somewhat more hungry.
The gnoll hits you from afar with a cursed +0 spear {(Curse: -Vis)} (14)!
You are is perforated ruthlessly!
Ouch! That really hurt!
Casting: Flame Tongue (safe; 16% risk of failure)
Confirm with . or Enter, or press ? or * to list all spells.
Aiming: Flame Tongue (safe; 16% risk of failure)
Press: ? - help, Shift-Dir - straight line, f/p - gnoll
Aim: a gnoll, wielding a cursed +0 spear {(Curse: -Vis)} (86%, 91% to-hit, moderately wounded (10/13), 85% (Melee), 80% (Ranged))
The flame tongue hits the gnoll but does no damage.
The gnoll is moderately wounded. (10/13) HP The gnoll barely misses you.
The gnoll hits you with a cursed +0 spear {(Curse: -Vis)} (8)!
You are is perforated ruthlessly!
* * * LOW HITPOINT WARNING * * *
You hit the gnoll (5). You hit the gnoll but do no damage.
The gnoll is heavily wounded. (6/13) HP The gnoll hits you with a cursed +0 spear {(Curse: -Vis)} (8)!
You are is perforated ruthlessly!
You die...

# .#### ....
### #.. ≈.#
##.##..####.#
.......÷....#
##.##..###=.#
#.) ##@##
.... ###g.###
.....
#......#
.......
#..#.###
+#.#.#.
#......#
#.#.#.
#......#
##.#.###
#......#
#......#


You could see a gnoll.

Vanquished Creatures
  A cinder newt (D:1)
  A kobold (D:1)
  A rat (D:1)
3 creatures vanquished.

Notes
Turn   | Place    | Note
-------+----------+-------------------------------------------
     0 | D:1      | petercordia the Immature Draconian Demonspawn began the
                  | quest for the Orb.
     0 | D:1      | Reached XP level 1. HP: 16/16 MP: 3/3
    38 | D:1      | Gained mutation: You are cold resistant. (rC+) [demonic
                  | ancestry]
    38 | D:1      | Reached XP level 2. HP: 21/25 MP: 4/4
   101 | D:1      | Slain by a gnoll

Levels and vault maps discovered:
D:1:      dpeg_arrival_ternary, layout_basic

Skill      XL: |  1 |
---------------+----+-----
Fighting       | 2 |  2.4
Maces & Staves | |  1.5
Dodging        | |  2.4
Stealth        | |  1.3
Spellcasting   | |  1.3
Fire Magic     | |  1.5
Invocations    | |  3.0

Action                   || total
-------------------------++-------
Melee: Morningstar       ||     6
       Unarmed           ||     4
       Peck              ||     1
 Cast: Flame Tongue      ||     1
 Abil: Breathe Dart      ||     2
Armor: Skin              ||     1
Dodge: Dodged            ||     3
